 Dungeon Crawl Stone Soup version 0.27-b1-42-g19c61b19a5 (webtiles) character file.

Game seed: 16438320440515679196

109 frimble the Stinger (level 4, -5/40 HPs)
             Began as an Octopode Venom Mage on July 30, 2021.
             Slain by a water moccasin (6 damage)
             ... on level 5 of the Dungeon.
             The game lasted 00:03:41 (4786 turns).

frimble the Stinger (Octopode Venom Mage)           Turns: 4786, Time: 00:03:42

Health: -5/40      AC: 22    Str:  7    XL:     4   Next: 89%
Magic:  8/8        EV:  2    Int: 18    God:
Gold:   146        SH:  0    Dex: 12    Spells: 4/9 levels left

rFire    + . .     SeeInvis .   (no weapon)
rCold    + . .     Faith    .   (no shield)
rNeg     + + +     Spirit   .   (helmet currently unavailable)
rPois    +         Reflect  .   (no amulet)
rElec    +         Harm     .   (no ring)
rCorr    +         Rampage  .   (no ring)
Will     .....     NoTele   +   (no ring)
Stlth    ++........             (no ring)
HPRegen  0.13/turn              (no ring)
MPRegen  0.11/turn              (no ring)
                                (no ring)
                                (no ring)

@: mighty, lethally poisoned (-5 -> -11), tree-form, resistant
A: stationary, stasis, torment immunity, boosted hp, almost no armour,
(amphibious), 8 rings, (camouflage 1), (gelatinous body 1), (nimble swimmer 1),
(tentacles)
a: no special abilities


You were on level 5 of the Dungeon.
You were a tree.
You visited 1 branch of the dungeon, and saw 4 of its levels.

You collected 146 gold pieces.

Inventory:

Missiles
 d - 12 javelins
 g - 13 poisoned darts
Jewellery
 e - an amulet of reflection
Scrolls
 b - a scroll of amnesia
Potions
 a - a potion of might


   Skills:
 - Level 0.6 Fighting
 - Level 2.0 Dodging
 - Level 2.6 Stealth
 + Level 3.1 Spellcasting
 - Level 1.0 Transmutations
 + Level 5.5 Poison Magic


You had 4 spell levels left.
You knew the following spells:

 Your Spells              Type           Power      Damage    Failure   Level
a - Sting                 Tmut/Pois      56%        1d5       4%          1
b - Olgreb's Toxic Radia  Pois           22%        N/A       16%         4

Your spell library contained the following spells:

 Spells                   Type           Power      Damage    Failure   Level
 Poisonous Vapours        Pois/Air       24%        N/A       8%          2
 Beastly Appendage        Tmut           12%        N/A       11%         1
 Spider Form              Tmut/Pois      7%         N/A       13%         3
 Wereblood                Tmut           6%         N/A       16%         2
 Mephitic Cloud           Conj/Pois/Air  9%         N/A       22%         3
 Stone Arrow              Conj/Erth      4%         3d7       43%         3
 Summon Forest            Summ/Tloc      1%         N/A       99%         5
 Eringya's Noxious Bog    Tmut/Pois      7%         N/A       100%        6
 Summon Hydra             Summ           1%         N/A       100%        7
 Lehudib's Crystal Spear  Conj/Erth      1%         10d2      100%        8
 Animate Armour           Summ/Erth      Unusable   N/A       N/A         4

Dungeon Overview and Level Annotations

Branches:
Dungeon (5/15)
 Temple: D:4-7

Altars:
Qazlal

Annotations:
D:5 exclusions: phantom and 1 more exclusion, Menkaure


Innate Abilities, Weirdness & Mutations

You are a tree.
Your roots penetrate the ground, keeping you stationary.
You cannot be teleported.
You are immune to unholy pain and torment.
Your maximum health is greatly increased.
You cannot wear most types of armour.
((You are amphibious.))
You can wear up to eight rings at the same time.
((Your skin changes colour to match your surroundings (Stealth+).))
((Your rubbery body absorbs attacks. (AC +1, EV +1)))
((You are camouflaged near water. (Stealth+)))
((You have tentacles for arms and can constrict up to eight enemies at once.))


Message History

[the floor.] Placed new exclusion.
A water moccasin comes into view.
A water moccasin is nearby!
A water moccasin is nearby!
A water moccasin is nearby!
The helpless water moccasin fails to defend itself.
You tentacle-slap the water moccasin but do no damage.
Your grab misses the water moccasin. The water moccasin barely misses you.
You miss the water moccasin. Your grab misses the water moccasin.
The water moccasin misses you. The water moccasin barely misses you.
You tentacle-slap the water moccasin but do no damage.
Your grab misses the water moccasin. Your squeeze misses the water moccasin.
The water moccasin bites you.
You are poisoned.
The water moccasin poisons you!
You barely miss the water moccasin. Your grab misses the water moccasin.
You feel very sick. The water moccasin bites you.
The water moccasin closely misses you.
You are too injured to fight recklessly!
You are too injured to fight recklessly!
Casting: Sting (safe; 4% risk of failure)
Confirm with . or Enter, or press ? or * to list all spells.
Okay, then.
You aren't carrying any items that you can evoke.
It was a potion of might.
You feel very mighty all of a sudden.
You feel sick. The water moccasin bites you!
* * * LOW HITPOINT WARNING * * *
It was a potion of lignification.
You turn into a tree.
Your roots penetrate the ground.
* * * LOW HITPOINT WARNING * * *
You feel sick.
The water moccasin bites you but does no damage.
You feel protected.
* * * LOW HITPOINT WARNING * * *
You feel sick.
The water moccasin completely misses you.
The water moccasin bites you.
You die...

# ##.W.## #. ##
##.....# #.##.##
##.......
#.#...####........
....... +........
## ....# #.....)..
#.###..# #.......
#S#..# #.....#
#♣#.# ##...##
###.# ##+## #.#
#.# #.# #.#
###.#### ##.##
#......# ##...##
#.#.##.# #......
#.#.##.#####....##
#.#..........#.##


You could see a water moccasin.

Vanquished Creatures
  5 adders (D:2)
  A worm (D:2)
  A dart slug (D:2)
  6 ball pythons
  3 endoplasms (D:1)
  2 giant cockroaches
  8 hobgoblins
  A quokka (D:2)
  8 bats
  9 frilled lizards (D:1)
  8 goblins
  4 kobolds
  4 rats (D:1)
60 creatures vanquished.

Vanquished Creatures (others)
  4 plants (D:1)
4 creatures vanquished.

Grand Total: 64 creatures vanquished

Notes
Turn   | Place    | Note
-------+----------+-------------------------------------------
     0 | D:1      | frimble the Octopode Venom Mage began the quest for the
                  | Orb.
     0 | D:1      | Reached XP level 1. HP: 11/11 MP: 3/3
   219 | D:1      | Reached skill level 4 in Poison Magic
   346 | D:1      | Reached XP level 2. HP: 11/17 MP: 5/5
  1448 | D:1      | Reached XP level 3. HP: 12/22 MP: 6/6
  2554 | D:2      | Reached skill level 5 in Poison Magic
  2594 | D:2      | Reached XP level 4. HP: 12/27 MP: 4/7
  3862 | D:2      | Found a faded altar of an unknown god.
  4633 | D:3      | Found a stormy altar of Qazlal.
  4678 | D:3      | You fall into a shaft and drop 2 floors!
  4678 | D:5      | Entered Level 5 of the Dungeon
  4685 | D:5      | Learned a level 4 spell: Olgreb's Toxic Radiance
  4704 | D:5      | Noticed a phantom
  4732 | D:5      | Noticed Menkaure
  4779 | D:5      | Noticed a water moccasin
  4785 | D:5      | HP: 2/40 [poisoned by a water moccasin]
  4786 | D:5      | Slain by a water moccasin

Illustrated notes

Levels and vault maps discovered:
D:1:      saegor_arrival_simple_e, layout_loops_corners, serial_rivers,
          chequers_serial_rivers_large_b, chequers_serial_rivers_small_a,
          chequers_serial_rivers_micro_b, chequers_serial_rivers_small_3,
          chequers_serial_rivers_micro_e, chequers_serial_rivers_marsh,
          grunt_decor_mini_mirrors, minmay_lizard_king
D:2:      wad_river_or_something, layout_basic, ebering_ecumenical_altar_webs,
          amcnicky_mini_corridor_feature, minmay_distorted
D:3:      layout_loops_ring, mainiacjoe_overflow_catwalk,
          mainiacjoe_overflow_alcove_2
D:5:      layout_loops_corners, mainiacjoe_overflow_boulevard,
          mainiacjoe_overflow_chevrons, minmay_temple_entry_mist,
          nicolae_underground_beach, uniq_menkaure

Skill      XL: |  1  2  3  4 |
---------------+-------------+-----
Poison Magic   | 4 5 |  5.5
Spellcasting   | 3 |  3.1
Fighting       | |  0.6
Dodging        | |  2.0
Stealth        | |  2.6
Transmutations | |  1.0

Action                   |  1- 3 |  4- 6 || total
-------------------------+-------+-------++-------
Melee: Unarmed           |    99 |    83 ||   182
       Constrict         |    28 |    21 ||    49
       Tentacles         |    21 |    10 ||    31
 Cast: Sting             |    13 |    10 ||    23
  Use: Scroll            |       |     5 ||     5
       Potion            |       |     3 ||     3
 Stab: Sleeping          |    10 |    10 ||    20
       Distracted        |     1 |       ||     1
Armor: Skin              |     7 |     8 ||    15
Dodge: Dodged            |    54 |    64 ||   118
